 Dungeon Crawl Stone Soup version 0.30.1-11-g7821555f0a (webtiles) character file.

Game seed: 16684284097237908245

45 Ijustatesigmund the Conjurer (level 3, -5/19 HPs)
             Began as a Deep Elf Conjurer on Dec 14, 2023.
             Slain by Sigmund
             ... wielding a +2 scythe of venom
              (13 damage)
             ... on level 2 of the Dungeon.
             The game lasted 00:03:06 (1290 turns).

Ijustatesigmund the Conjurer (Deep Elf Conjurer)    Turns: 1290, Time: 00:03:07

Health: -5/19      AC:  2    Str:  4    XL:     3   Next: 42%
Magic:  5/10       EV: 12    Int: 24    God:
Gold:   38         SH:  0    Dex: 13    Spells: 7/10 levels left

rFire   . . .        f - +2 quarterstaff (spect)
rCold   . . .        (shield currently unavailable)
rNeg    . . .        a - +0 robe
rPois   .            (no helmet)
rElec   .            (no cloak)
rCorr   .            (no gloves)
SInv    .            (no boots)
Will    .....        (no amulet)
Stlth   ++           (no ring)
HPRegen 0.23/turn    (no ring)
MPRegen 0.12/turn

%: no passive effects
@: brilliant
A: no striking features
a: no special abilities


You were on level 2 of the Dungeon.
You visited 1 branch of the dungeon, and saw 2 of its levels.

You collected 38 gold pieces.

Inventory:

Hand Weapons
 c - a +0 dagger
 f - a +2 spectral quarterstaff (weapon)
Armour
 a - a +0 robe (worn)
 d - a +0 kite shield
Scrolls
 k - a scroll of noise {unknown}
Potions
 b - a potion of magic
 g - a potion of lignification {unknown}
 h - a potion of attraction {unknown}
 i - 2 potions of brilliance
 j - a potion of mutation {unknown}


   Skills:
 - Level 2.4 Dodging
 - Level 2.4 Stealth
 + Level 4.3 Spellcasting
 + Level 5.1 Conjurations


You had 7 spell levels left.
You knew the following spells:

 Your Spells              Type           Power      Damage    Failure   Level
a - Magic Dart            Conj           100%       1d8       1%          1
b - Searing Ray           Conj           88%        2d7       1%          2

Your spell library contained the following spells:

 Spells                   Type           Power      Damage    Failure   Level
 Dazzling Flash           Conj/Hex       52%        N/A       10%         3
 Fulminant Prism          Conj/Hex       13%        3d9       32%         4
 Iskenderun's Mystic Bla  Conj/Tloc      26%        2d7       32%         4


Dungeon Overview and Level Annotations

Branches:
Dungeon (2/15)

Altars:

Annotations:
D:2 Sigmund


Message History

Confirm with . or Enter, or press ? or * to list all spells.
You can't see any susceptible monsters within range! (Use Z to cast anyway.) Sigmund the Dreaded comes into view.
He is wielding a +2 scythe of venom.
Casting: Magic Dart (safe; 1% risk of failure)
Confirm with . or Enter, or press ? or * to list all spells.
Aiming: Searing Ray (safe; 1% risk of failure)
Press: ? - help, Shift-Dir - straight line, f - Sigmund
Aim: Sigmund, wielding a +2 scythe of venom and wearing a +0 robe (asleep, 100% to hit)
The searing ray hits Sigmund.
Sigmund is lightly wounded.
Sigmund shouts! (Press . to maintain the ray.) Sigmund hits you from afar with a +2 scythe of venom.
You are poisoned.
The searing ray misses Sigmund.
You feel very sick.
Sigmund says, "Your kind have come here before.
I understand now why.
You desire death..."
Sigmund closely misses you.
The searing ray hits Sigmund!
Sigmund is heavily wounded.
You feel sick.
The searing ray hits Sigmund.
Sigmund is severely wounded.
You finish channelling your searing ray.
You feel sick.
Sigmund hits you from afar with a +2 scythe of venom.
You are lethally poisoned!
It was a potion of brilliance.
You feel clever all of a sudden.
* * * LOW HITPOINT WARNING * * *
You feel very sick.
Sigmund drinks a potion.
Sigmund is healed!
It was a potion of curing.
You feel better. Sigmund gestures at you while chanting.
The magic dart hits you!
* * * LOW HITPOINT WARNING * * *
You feel better.
Sigmund hits you from afar with a +2 scythe of venom!
Ouch! That really hurt!
You die...

#..#####......#. #.
#............... #
#. #..#..#...#.#.##
#.#.
#..##.#...#.#.##
.#.
#..##.#...#..... ..
#..##.#...#...## #@
#..##..........#
#.##........##.....
#.@......).........
#.###.####..#......
#. #.##....#).....
#.###.####..##.....
###..........#....>
#.#.###....# #..
#.#.# #....# #.#.#
#....# #.#.####..##


You could see Sigmund.

Vanquished Creatures
  A worm (D:2)
  3 dart slugs
  3 ball pythons
  2 bats (D:1)
  4 endoplasms
  3 giant cockroaches
  2 goblins (D:1)
  5 hobgoblins (D:1)
  4 kobolds
  3 frilled lizards
  2 rats (D:1)
32 creatures vanquished.

Notes
Turn   | Place    | Note
-------+----------+-------------------------------------------
     0 | D:1      | Ijustatesigmund the Deep Elf Conjurer began the quest for
                  | the Orb.
     0 | D:1      | Reached XP level 1. HP: 10/10 MP: 6/6
   117 | D:1      | You fall into a shaft and drop 1 floor!
   214 | D:2      | Reached XP level 2. HP: 15/15 MP: 1/8
   673 | D:1      | Learned a level 2 spell: Searing Ray
   845 | D:1      | Reached skill level 5 in Conjurations
   845 | D:1      | Reached XP level 3. HP: 19/19 MP: 7/10
  1283 | D:2      | Noticed Sigmund
  1290 | D:2      | Slain by Sigmund

Illustrated notes

Levels and vault maps discovered:
D:1:      shiori_arrival_oz, layout_rooms, minmay_pentomino_v4
D:2:      layout_basic, uniq_sigmund

Skill      XL: |  1  2 |
---------------+-------+-----
Spellcasting   | 4 |  4.3
Conjurations   | 5 |  5.1
Dodging        | |  2.4
Stealth        | |  2.4

Action                     || total
---------------------------++-------
  Melee: Quarterstaff      ||     7
   Cast: Magic Dart        ||    50
         Searing Ray       ||     1
    Use: Scroll            ||     2
         Potion            ||     3
   Stab: Sleeping          ||     1
 Armour: Robe              ||     1
  Dodge: Dodged            ||    10
